AoeStats
← [GDL] HANNIBAL

Arena

508380143Analyzed
4v4 RM · 10d ago on Sep 22, 2026· 63m 34s· 8 players
Game mode
Random Map
Map size
Large (8 player)
Population
200
Speed
Normal
Resources
Standard
Victory
Conquest
Starting age
Dark Age
Ending age
Imperial Age
RankedLock teamsTeams togetherTeam positionsShared explorationLock speedFull tech treeHidden civsTurbo modeCheats
Victory
Defeat
🇲🇽 Teutons · Mexico
1370
+15
🇺🇸 Poles · United States
1325
+17
🇨🇳 Celts · China
1315
+17
🇹🇼 Malay · Taiwan
1311
+17
🇻🇳 Hindustanis · Vietnam
1366
-17
🇮🇳 Ethiopians · India
1349
-17
🇦🇺 Khitans · Australia
1346
-17
🇨🇳 Goths · China
1302
-15
[GDL] HANNIBAL
5:28 Loom
8:19 Feudal Age
10:58 Fletching
20:04 Horse Collar
20:13 Double-Bit Axe
24:54 Wheelbarrow
28:24 Castle Age
26:59 Scale Mail Armor
27:30 Forging
28:02 Arson
29:33 Bow Saw
28:56 Pikeman
29:38 Town Watch
30:17 Heavy Plow
42:51 Fortified Wall
48:04 Masonry
54:10 Imperial Age
51:48 Gambesons
52:05 Squires
52:33 Elite Skirmisher
54:26 Capped Ram
55:51 Bodkin Arrow
55:57 Padded Archer Armor
56:12 Chain Mail Armor
56:33 Iron Casting
57:15 Chemistry
56:20 Gold Mining
56:12 Halberdier
58:28 Hand Cart
58:15 Town Patrol
60:01 Leather Archer Armor
60:16 Plate Mail Armor
60:46 Blast Furnace
60:48 Crop Rotation
TW_Picar
7:00 Loom
9:00 Feudal Age
10:13 Fletching
16:50 Horse Collar
19:43 Double-Bit Axe
23:58 Wheelbarrow
26:39 Castle Age
25:06 Forging
27:29 Man-at-Arms
28:10 Squires
28:50 Iron Casting
28:15 Bodkin Arrow
36:58 Iron Casting
36:52 Gold Mining
36:53 Stone Mining
39:35 Bow Saw
39:27 Heavy Plow
39:42 Pikeman
39:42 Long Swordsman
45:14 Hand Cart
45:53 Town Watch
50:01 Imperial Age
50:43 Blast Furnace
49:06 Elite Karambit Warrior
50:07 Conscription
49:51 Town Patrol
50:24 Crop Rotation
49:27 Capped Ram
52:08 Heavy Scorpion
54:25 Bracer
54:27 Padded Archer Armor
57:20 Chemistry
56:26 Siege Engineers
56:02 Treadmill Crane
60:53 Onager
62:48 Coinage
2110316511
10:24 Feudal Age
14:01 Castle Age
12:02 Double-Bit Axe
11:59 Horse Collar
19:08 Loom
21:08 Wheelbarrow
22:39 Hand Cart
24:13 Gold Mining
24:16 Stone Mining
25:46 Bow Saw
25:38 Heavy Plow
29:05 Imperial Age
27:06 Scale Mail Armor
27:17 Forging
27:18 Arson
27:00 Pikeman
29:26 Chain Mail Armor
29:46 Iron Casting
29:24 Halberdier
30:47 Gold Shaft Mining
30:48 Stone Shaft Mining
30:21 Capped Ram
32:36 Conscription
32:17 Heavy Scorpion
32:18 Siege Ram
35:55 Plate Mail Armor
36:26 Blast Furnace
36:20 Fletching
37:28 Furor Celtica
37:36 Siege Engineers
38:33 Chemistry
41:04 Coinage
40:03 Elite Woad Raider
40:35 Man-at-Arms
41:02 Gambesons
42:17 Bodkin Arrow
42:54 Banking
46:32 Hoardings
49:02 Stronghold
56:27 Caravan
56:13 Man-at-Arms
56:39 Gambesons
58:02 Fortified Wall
58:03 Masonry
57:25 Long Swordsman
58:14 Two-Handed Swordsman
59:23 Town Watch
59:13 Champion
bulbmusic5
9:17 Loom
11:02 Feudal Age
13:05 Horse Collar
15:31 Castle Age
13:24 Double-Bit Axe
16:54 Bow Saw
16:47 Heavy Plow
21:00 Stone Mining
21:58 Wheelbarrow
22:54 Hand Cart
23:47 Forging
24:16 Stone Shaft Mining
23:31 Gold Mining
24:19 Town Watch
25:32 Scale Barding Armor
26:03 Iron Casting
25:59 Bloodlines
26:52 Husbandry
26:13 Light Cavalry
28:01 Chain Barding Armor
32:41 Imperial Age
30:20 Szlachta Privileges
30:43 Scale Mail Armor
30:33 Fletching
30:44 Padded Archer Armor
31:43 Chain Mail Armor
32:50 Cavalier
34:33 Blast Furnace
34:45 Siege Engineers
35:01 Ballistics
34:53 Masonry
35:44 Chemistry
35:23 Elite Obuch
36:23 Lechitic Legacy
36:27 Conscription
36:36 Arson
36:52 Squires
37:25 Plate Mail Armor
36:51 Bodkin Arrow
37:25 Lechitic Legacy
37:41 Hoardings
37:03 Winged Hussar
38:55 Crop Rotation
49:46 Leather Archer Armor
49:32 Bracer
49:38 Crossbowman
50:23 Thumb Ring
50:07 Arbalester
Damir
8:49 Loom
12:40 Feudal Age
18:07 Castle Age
20:08 Double-Bit Axe
23:04 Bow Saw
22:47 Gold Mining
25:57 Squires
25:44 Arson
27:09 Scale Mail Armor
29:54 Wheelbarrow
29:49 Forging
30:46 Chain Mail Armor
32:53 Iron Casting
36:55 Hand Cart
36:25 Town Watch
36:42 Domestication
44:31 Imperial Age
45:37 Padded Archer Armor
46:09 Plate Mail Armor
45:47 Lamellar Armor
46:03 Conscription
45:07 Elite Fire Lancer
47:21 Capped Ram
48:31 Fletching
49:27 Ballistics
50:07 Chemistry
49:20 Masonry
48:50 Treadmill Crane
50:31 Siege Engineers
52:02 Bodkin Arrow
51:45 Siege Ram
53:16 Scale Barding Armor
53:12 Bracer
53:03 Pikeman
54:08 Murder Holes
理唐王
11:05 Feudal Age
12:04 Double-Bit Axe
14:40 Castle Age
12:56 Gold Mining
13:03 Horse Collar
15:40 Bow Saw
16:55 Heavy Plow
20:15 Scale Mail Armor
20:36 Stone Mining
22:56 Scale Mail Armor
23:19 Forging
23:21 Loom
23:28 Gold Mining
24:16 Wheelbarrow
24:06 Squires
25:41 Iron Casting
25:59 Chain Mail Armor
28:42 Anarchy
29:49 Hand Cart
31:00 Pikeman
34:48 Imperial Age
32:04 Town Watch
36:23 Iron Casting
36:10 Conscription
35:13 Halberdier
36:19 Guilds
37:07 Coinage
37:40 Two-Man Saw
37:29 Stone Shaft Mining
40:45 Blast Furnace
40:02 Man-at-Arms
41:00 Perfusion
41:39 Fletching
42:33 Coinage
41:59 Long Swordsman
42:18 Two-Handed Swordsman
43:04 Champion
49:53 Elite Huskarl
snek_fan
9:23 Feudal Age
10:26 Loom
12:15 Double-Bit Axe
14:59 Castle Age
16:44 Fletching
27:30 Bodkin Arrow
32:11 Town Watch
33:02 Horse Collar
33:56 Heavy Plow
33:48 Double-Bit Axe
34:49 Bow Saw
37:30 Wheelbarrow
39:31 Hand Cart
VN_BILL
10:37 Feudal Age
12:07 Double-Bit Axe
14:50 Castle Age
14:26 Horse Collar
17:12 Bow Saw
21:57 Wheelbarrow
25:00 Hand Cart
26:32 Heavy Plow
29:58 Imperial Age
27:44 Forging
27:40 Scale Barding Armor
27:48 Gold Mining
29:25 Iron Casting
28:59 Loom
29:52 Bloodlines
29:43 Husbandry
30:05 Chain Barding Armor
30:10 Heavy Camel Rider
31:52 Blast Furnace
30:16 Light Cavalry
32:23 Plate Barding Armor
31:36 Hussar
33:47 Town Watch
34:00 Imperial Camel Rider
34:52 Fletching
35:28 Ballistics
36:11 Coinage
35:42 Siege Elephant
38:45 Chemistry
39:00 Elite Skirmisher
41:43 Fortified Wall
44:26 Bodkin Arrow
44:32 Padded Archer Armor
44:44 Masonry
47:20 Two-Man Saw
54:05 Bracer
54:20 Leather Archer Armor
54:03 Murder Holes
Connection lost

Rejoining the realm…

Still unreachable

The connection could not be restored.

Session expired

The server has moved on; the page needs a fresh start.